 Dungeon Crawl Stone Soup version 0.13-a0-2202-g857913d (webtiles) character file.

4113 Kae the Conjurer (level 10, -13/53 HPs)
             Began as a Tengu Fire Elementalist on July 2, 2013.
             Was a Priest of Vehumet.
             Killed from afar by Joseph (15 damage)
             ... with a wand of cold
             ... on Level 8 of the Dungeon.
             The game lasted 00:21:39 (10336 turns).

Kae the Conjurer (Tengu Fire Elementalist)         Turns: 10336, Time: 00:21:39

HP -13/53        AC  7     Str  8      XL: 10   Next: 15%
MP  10/22        EV 14     Int 19      God: Vehumet [***...]
Gold 377         SH  0     Dex 15      Spells:  6 memorised,  5 levels left

Res.Fire  : . . .   See Invis. : .   k - +1 whip (flame)
Res.Cold  : . . .   Warding    : .   a - +1 robe
Life Prot.: . . .   Conserve   : .   (no shield)
Res.Poison: +       Res.Corr.  : .   (helmet restricted)
Res.Elec. : .       Clarity    : .   p - +2 dwarf cloak (curse)
Sust.Abil.: . .     Spirit.Shd : .   g - +0 pair of gauntlets
Res.Mut.  : .       Stasis     : .   (boots unavailable)
Res.Rott. : .       Flight     : .   o - amulet of faith
Saprovore : . . .                    m - ring of poison resistance
                                     n - ring of sustenance

@: somewhat resistant to hostile enchantments, fairly stealthy
A: able to fly, beak, talons 3
a: Fly, Renounce Religion


You were on level 8 of the Dungeon.
You worshipped Vehumet.
Vehumet was greatly pleased with you.
You were hungry.

You visited 2 branches of the dungeon, and saw 9 of its levels.

You collected 357 gold pieces.

Inventory:

Hand weapons
 k - a +1,+1 whip of flaming (weapon)
 y - a +0,+1 dagger of draining (quivered)
 A - a +0,+1 elven short sword of speed
Armour
 a - a +1 robe (worn)
 g - a +0 pair of gauntlets (worn)
 p - a cursed +2 dwarven cloak (worn)
Magical devices
 f - a wand of lightning (9)
 l - a wand of teleportation (2)
 v - a wand of frost (13) {unknown}
 x - a wand of draining (7)
Comestibles
 c - 12 bread rations
 d - 27 strawberries
 i - a pear
 j - a choko
 r - 3 chunks of ogre flesh
 t - an apricot
 w - a snozzcumber
 B - 3 meat rations
Scrolls
 h - 2 scrolls of identify
 s - 4 scrolls of remove curse
 z - 2 scrolls of blinking
Jewellery
 m - a ring of poison resistance (right hand)
 n - a ring of sustenance (left hand)
 o - an amulet of faith (around neck)
 C - a +3,+5 ring of slaying {unknown}
Potions
 q - a potion of resistance {unknown}
 D - a potion of poison {unknown}
Books
 b - a book of Flames

   Spells                             Type                      Level
   *Flame Tongue                      Conjuration/Fire             1
   *Throw Flame                       Conjuration/Fire             2
   *Conjure Flame                     Conjuration/Fire             3
   Inner Flame                        Hexes/Fire                   3
   *Sticky Flame                      Conjuration/Fire             4
   Fireball                           Conjuration/Fire             5
 e - a book of Wizardry

   Spells                             Type                      Level
   Summon Elemental                   Summoning                    4
   Agony                              Necromancy                   5
   Lightning Bolt                     Conjuration/Air              5
   Fireball                           Conjuration/Fire             5
   Haste                              Charms                       6
   Invisibility                       Hexes                        6
 u - a book of Hinderance

   Spells                             Type                      Level
   Confusing Touch                    Hexes                        1
   Slow                               Hexes                        2
   Confuse                            Hexes                        3
   Petrify                            Transmutation/Earth          4
   Leda's Liquefaction                Hexes/Earth                  4
   Metabolic Englaciation             Hexes/Ice                    6


   Skills:
 - Level 3.4 Fighting
 + Level 4.3 Dodging
 - Level 2.0 Stealth
 + Level 4.4 Spellcasting
 * Level 10.0 Conjurations
 * Level 9.0 Fire Magic
 + Level 3.7 Evocations


You had 5 spell levels left.
You knew the following spells:

 Your Spells              Type           Power        Failure   Level  Hunger
a - Flame Tongue          Conj/Fire      #####        1%          1    None
b - Throw Flame           Conj/Fire      #####.       1%          2    #......
c - Conjure Flame         Conj/Fire      #####...     1%          3    ###....
d - Sticky Flame          Conj/Fire      #####...     1%          4    ####...
e - Shock                 Conj/Air       ###.         1%          1    None
f - Sting                 Conj/Pois      ###.         1%          1    None


Dungeon Overview and Level Annotations

Branches:
Dungeon (8/27)             Temple (1/1) D:4             Orc (0/4) D:8
   Lair: D:8-13

Altars:
Ashenzari
Cheibriados
Elyvilon
Fedhas
Kikubaaqudgha
Makhleb
Nemelex Xobeh
Okawaru
Sif Muna
Trog
Vehumet
Xom
Yredelemnul
Zin
the Shining One

Annotations
D:3 exclusions: orc, orc priest and orc wizard
D:8 Joseph


Innate Abilities, Weirdness & Mutations

You can fly.
You have a beak for a mouth.
You have claws for feet.


Message History

Aim: Joseph, wielding a quarterstaff, wearing a glowing orcish ring mail and carrying a wand of cold {zapped: 2} (moderately wounded)
The flame hits Joseph.
Joseph is moderately wounded.
Joseph hits you with an uncursed quarterstaff!
Casting: Flame Tongue
Confirm with . or Enter, or press ? or * to list all spells.
Aiming: Flame Tongue
Press: ? - help, Shift-Dir - straight line, f/p - Joseph
Aim: Joseph, wielding a quarterstaff, wearing a glowing orcish ring mail and carrying a wand of cold {zapped: 2} (moderately wounded)
The flame hits Joseph.
Joseph is heavily wounded.
Joseph zaps a wand.
The bolt of cold hits you!
* * * LOW HITPOINT WARNING * * *
Joseph unwields an uncursed quarterstaff.
Joseph wields an uncursed sling.
Joseph shoots a sling bullet.
The sling bullet hits you!
* * * LOW HITPOINT WARNING * * *
You see here a sling bullet.
Joseph zaps a wand.
The bolt of cold hits you!
You die...

#..)..............#
#.##..<#####......#
#.###.## #.##....##
#.###.######.##.###.##
#.#..#........#.# #...
#.#.#.######..#.###...
#.#.#.######..#.>....#
#.#.#.#...............
#.#.#@#.#####..#####.#
#.#.#((.(..##..# #.#
#.###.@..##..# #.# #.
###........ ..# .
.###..## ### .# #..#
.# #..# .# ..# ..


You could see Joseph.

Vanquished Creatures
  Erolcha (D:8)
  Pikel (D:4)
  A spriggan (D:7)
  A hill giant skeleton (D:8)
  The ghost of M4edhros the Sneak, an average OpDK of Yredelemnul (D:4)
  A hungry ghost (D:8)
  2 ice beasts
  2 sky beasts
  3 slaves (D:4)
  2 ogres (D:6)
  3 centaurs (D:6)
  A giant frog (D:8)
  A giant frog skeleton (D:5)
  5 hounds
  4 crimson imps (D:5)
  A hound zombie (D:5)
  A gnoll shaman (D:4)
  An orc priest (D:6)
  4 orc wizards
  3 scorpions
  4 iguanas
  3 worker ants
  Ijyb (D:5)
  A jelly (D:6)
  11 gnolls
  9 adders
  A scorpion zombie (D:6)
  2 giant mites
  A worm (D:7)
  An inept feature mimic (D:4)
  A giant eyeball (D:7)
  5 giant geckos
  2 oozes (D:1)
  25 orcs
  5 giant cockroaches
  10 goblins
  14 hobgoblins
  8 jackals
  2 ball pythons
  22 bats
  3 giant newts
  A goblin skeleton (D:5)
  2 hobgoblin skeletons (D:4)
  15 kobolds
  4 quokkas
  18 rats
  A rat skeleton (D:6)
211 creatures vanquished.

Vanquished Creatures (others)
  A scorpion (D:4)
  A ball python (D:4)
  A giant newt (D:3)
  2 rats
  A plant (D:4)
6 creatures vanquished.

Grand Total: 217 creatures vanquished

Notes
Turn   | Place    | Note
--------------------------------------------------------------
     0 | D:1      | Kae, the Tengu Fire Elementalist, began the quest for the Orb.
     0 | D:1      | Reached XP level 1. HP: 10/10 MP: 3/3
   152 | D:1      | Reached XP level 2. HP: 12/15 MP: 0/5
   628 | D:1      | Reached XP level 3. HP: 19/19 MP: 3/6
   929 | D:2      | Reached skill level 4 in Fire Magic
  1106 | D:2      | Reached skill level 1 in Fighting
  1265 | D:2      | Reached XP level 4. HP: 13/24 MP: 1/8
  1292 | D:2      | Paralysed by a potion of paralysis for 4 turns
  1377 | D:2      | Found a glowing silver altar of Zin.
  1379 | D:2      | Found a sparkling altar of Nemelex Xobeh.
  1925 | D:3      | Found a basalt altar of Yredelemnul.
  2031 | D:3      | Learned a level 2 spell: Throw Flame
  2135 | D:3      | Learned a level 3 spell: Conjure Flame
  2256 | D:3      | Reached XP level 5. HP: 28/28 MP: 11/11
  3648 | D:4      | Reached skill level 5 in Fire Magic
  3648 | D:4      | Reached XP level 6. HP: 33/33 MP: 8/13
  3741 | D:4      | Noticed M4edhros' ghost (average OpDK)
  3759 | D:4      | Killed M4edhros' ghost
  3759 | D:4      | Reached skill level 5 in Conjurations
  3840 | D:4      | Reached XP level 7. HP: 37/37 MP: 9/15
  4162 | D:4      | Found a staircase to the Ecumenical Temple.
  4183 | D:4      | Noticed a slave
  4183 | D:4      | Noticed a slave
  4185 | D:4      | Noticed Pikel
  4186 | D:4      | Noticed a slave
  4186 | D:4      | Noticed a slave
  4207 | D:4      | Killed a slave
  4466 | Temple   | Entered the Ecumenical Temple
  4553 | Temple   | Became a worshipper of Vehumet
  4636 | D:4      | Reached skill level 6 in Conjurations
  4915 | D:4      | Killed a slave
  5152 | D:4      | Killed a slave
  5157 | D:4      | Killed Pikel
  5157 | D:4      | Reached skill level 7 in Conjurations
  5157 | D:4      | Reached XP level 8. HP: 44/44 MP: 7/18
  5901 | D:5      | Entered Level 5 of the Dungeon
  6324 | D:5      | Reached skill level 1 in Evocations
  6432 | D:5      | Acquired Vehumet's first power
  6432 | D:5      | Offered knowledge of Shock by Vehumet.
  6438 | D:5      | Learned a level 4 spell: Sticky Flame
  6440 | D:5      | Learned a level 1 spell: Shock
  6739 | D:5      | Noticed Ijyb
  6747 | D:5      | Killed Ijyb
  6984 | D:5      | Reached skill level 8 in Conjurations
  7388 | D:6      | Reached XP level 9. HP: 48/48 MP: 11/20
  7635 | D:6      | Offered knowledge of Sting by Vehumet.
  7638 | D:6      | Learned a level 1 spell: Sting
  8572 | D:6      | Offered knowledge of Stone Arrow by Vehumet.
  8822 | D:7      | Reached skill level 9 in Conjurations
  9015 | D:7      | Acquired Vehumet's second power
  9296 | D:7      | Noticed a spriggan baker
  9306 | D:7      | Killed a spriggan baker
  9737 | D:8      | Offered knowledge of Dazzling Spray by Vehumet.
 10113 | D:8      | Noticed Erolcha
 10124 | D:8      | Killed Erolcha
 10124 | D:8      | Reached skill level 10 in Conjurations
 10124 | D:8      | Reached XP level 10. HP: 27/53 MP: 16/22
 10275 | D:8      | Found a staircase to the Orcish Mines.
 10318 | D:8      | Noticed Joseph
 10334 | D:8      | HP: 2/53 [Joseph/wand of cold (18)]
 10336 | D:8      | Killed from afar by Joseph

Action                   |  1- 3 |  4- 6 |  7- 9 | 10-12 || total
-------------------------+-------+-------+-------+-------++-------
Melee: Unarmed           |    50 |    38 |    28 |       ||   116
       Whip              |       |       |    77 |       ||    77
 Cast: Flame Tongue      |    47 |    97 |   251 |     8 ||   403
       Throw Flame       |       |     5 |    32 |       ||    37
       Conjure Flame     |       |     4 |    19 |     2 ||    25
       Shock             |       |       |    30 |       ||    30
       Sticky Flame      |       |       |     1 |       ||     1
Evoke: Wand              |       |     1 |     3 |       ||     4
  Use: Scroll            |       |    15 |     9 |       ||    24
       Potion            |       |     2 |     5 |       ||     7
 Stab: Sleeping          |     4 |     1 |     3 |       ||     8
